 Dungeon Crawl Stone Soup version 0.27.0-1-g7a089689b8 (console) character file.

Game seed: 14784096336046017213

340 jejorda2 the Sneak (level 6, -1/33 HPs)
             Began as a Vine Stalker Delver on Aug 13, 2021.
             Slain by an orc priest (6 damage)
             ... on level 6 of the Dungeon.
             The game lasted 00:06:21 (1613 turns).

jejorda2 the Sneak (Vine Stalker Delver)            Turns: 1613, Time: 00:06:21

Health: -1/33      AC:  9    Str: 16 (17) XL:     6   Next: 56%
Magic:  0/7        EV:  7    Int:  8 (10) God:
Gold:   85         SH:  0    Dex: 12 (15) Spells: 5/5 levels left

rFire    . . .     SeeInvis .   a - +0 dagger
rCold    . . .     Faith    .   (no shield)
rNeg     . . .     Spirit   +   m - +1 chain mail
rPois    +         Reflect  .   (no helmet)
rElec    .         Harm     .   (no cloak)
rCorr    .         Rampage  .   (no gloves)
Will     .....                  (no boots)
Stlth    ..........             (no amulet)
HPRegen  1.11/turn              i - ring of poison resistance
MPRegen  0.10/turn              (no ring)

@: no status effects
A: fangs 2, regeneration 1, magic shield, antimagic bite, no potion heal 2
a: no special abilities


You were on level 6 of the Dungeon.
You visited 1 branch of the dungeon, and saw 3 of its levels.

You collected 85 gold pieces.

Inventory:

Hand Weapons
 a - a +0 dagger (weapon)
 l - a +0 short sword
Missiles
 d - 94 stones (quivered)
 j - 9 poisoned darts
Armour
 m - a +1 chain mail (worn)
Jewellery
 i - a ring of poison resistance (left hand)
Wands
 g - a wand of digging (3)
Scrolls
 c - a scroll of fog
 e - a scroll of fear
Potions
 b - a potion of invisibility
 f - a potion of haste


   Skills:
 + Level 4.0 Fighting
 * Level 4.5 Short Blades
 + Level 2.3 Armour
 - Level 1.5 Dodging
 - Level 6.0 Stealth


You had 5 spell levels left.
You didn't know any spells.
Your spell library contained the following spells:

 Spells                   Type           Power      Damage    Failure   Level
 Beastly Appendage        Tmut           0%         N/A       100%        1
 Wereblood                Tmut           0%         N/A       100%        2
 Spider Form              Tmut/Pois      0%         N/A       100%        3


Dungeon Overview and Level Annotations

Branches:
Dungeon (6/15)
 Temple: D:4-7

Altars:


Innate Abilities, Weirdness & Mutations

You have extremely sharp teeth.
Your natural rate of healing is unusually fast.
When hurt, damage is shared between your health and your magic reserves.
Your bite disrupts and absorbs the magic of your enemies.
Potions cannot restore your health.


Message History

The hound is heavily wounded.
The hound bites you.
You miss the hound.
The hound is heavily wounded.
The orc priest hits you from afar with a +0 glaive.
The hound bites you but does no damage.
You hit the hound. Your bite misses the hound.
The hound is severely wounded.
The hound bites you but does no damage.
The orc priest hits you but does no damage.
You hit the hound. You bite the hound.
You kill the hound!
The orc priest hits you from afar with a +0 glaive.
Your Fighting skill increases to level 4!
You barely miss the orc. Your bite misses the orc.
The orc hits you but does no damage.
You closely miss the orc. You bite the orc. You drain its power.
You feel invigorated.
The orc is almost dead.
The orc priest calls down the wrath of Beogh upon you.
Beogh smites you! The orc barely misses you.
You hit the orc.
You kill the orc!
The orc priest hits you from afar with a +0 glaive.
You barely miss the orc.
The orc priest calls down the wrath of Beogh upon you.
Beogh smites you!
* * * LOW HITPOINT WARNING * * *
The orc hits you with a +0 flail.
* * * LOW HITPOINT WARNING * * *
You hit the orc.
The orc is lightly wounded.
It was a potion of degeneration.
There was something very wrong with that liquid.
You feel weakened.
You feel dopey.
You feel clumsy. The orc priest closely misses you.
The orc hits you with a +0 flail.
* * * LOW HITPOINT WARNING * * *
It was a potion of curing.
That felt strangely inert.
The orc priest hits you from afar with a +0 glaive!
You die...

##. #.## ... ...
# ##.####.#.#
#.......#.#
#.........
#####..#....# #
...........o###.#
..>......ZYo@..#
..#....#.######
###..#...
#....#####
###..#.##
#.####<......#
.......####..#
.......# #..#
.......+ ...#


You could see an ice beast, an orc priest, an orc and a bullfrog zombie.

Vanquished Creatures
  An ogre (D:4)
  A howler monkey (D:6)
  2 hounds
  An orc priest (D:5)
  A jelly (D:4)
  An orc wizard (D:6)
  A hound skeleton (D:4)
  2 adders (D:4)
  An ufetubus (D:5)
  2 adder skeletons (D:4)
  A worm (D:4)
  6 orcs
  2 endoplasms (D:4)
  A giant cockroach (D:4)
  A goblin (D:4)
  4 jackals (D:4)
  A kobold (D:4)
29 creatures vanquished.

Notes
Turn   | Place    | Note
-------+----------+-------------------------------------------
     0 | D:5      | jejorda2 the Vine Stalker Delver began the quest for the
                  | Orb.
     0 | D:5      | Reached XP level 1. HP: 11/11 MP: 2/2
    53 | D:4      | Reached XP level 2. HP: 3/16 MP: 1/3
   387 | D:4      | Reached XP level 3. HP: 20/20 MP: 4/4
   805 | D:4      | Reached skill level 1 in Armour
   805 | D:4      | Gained mutation: Your natural rate of healing is unusually
                  | fast. [Vine Stalker growth]
   805 | D:4      | Reached XP level 4. HP: 4/24 MP: 1/5
  1111 | D:4      | Noticed an ogre
  1136 | D:4      | HP: 1/24 [ogre (22)]
  1158 | D:4      | Killed an ogre
  1159 | D:4      | Reached XP level 5. HP: 20/28 MP: 3/6
  1538 | D:5      | Reached XP level 6. HP: 27/33 MP: 7/7
  1553 | D:6      | Noticed an ice beast
  1613 | D:6      | Slain by an orc priest

Illustrated notes

Levels and vault maps discovered:
D:4:      layout_gridville
D:5:      cheibrodos_thug_alley, layout_loops_cross, dk_vineyard_1
D:6:      layout_basic, gammafunk_ghost_split

Skill      XL: |  1  2  3  4  5  6 |
---------------+-------------------+-----
Short Blades   | 2 3 4 |  4.5
Fighting       | 3 4 |  4.0
Armour         | 1 2 |  2.3
Dodging        | |  1.5
Stealth        | |  6.0

Action                   |  1- 3 |  4- 6 || total
-------------------------+-------+-------++-------
Melee: Short sword       |    49 |    18 ||    67
       Bite              |    16 |    44 ||    60
       Dagger            |       |   114 ||   114
Throw: Stone             |     5 |    20 ||    25
  Use: Scroll            |     3 |     1 ||     4
       Potion            |       |     3 ||     3
 Stab: Sleeping          |     1 |     1 ||     2
Armor: Leather armour    |     2 |       ||     2
       Scale mail        |    13 |     9 ||    22
       Chain mail        |       |    46 ||    46
Dodge: Dodged            |    20 |    42 ||    62
